 Dungeon Crawl Stone Soup version 0.21.0-3-g78d12a8 (webtiles) character file.

192415 Gaball the Brawler (level 17, -17/268 HPs)
             Began as a Troll Monk on Jan 10, 2018.
             Was a High Priest of Makhleb.
             Demolished by a wolf spider (19 damage)
             ... on level 4 of the Spider Nest.
             The game lasted 02:24:44 (30094 turns).

Gaball the Brawler (Troll Monk)                    Turns: 30094, Time: 02:24:46

Health: -17/268    AC: 11    Str: 32    XL:     17   Next: 61%
Magic:  21/21      EV: 22    Int:  4    God:    Makhleb [*****.]
Gold:   1704       SH:  0    Dex: 19    Spells: 15/16 levels left

rFire    + . .     SeeInvis .     - Unarmed
rCold    . . .     Gourm    +   (no shield)
rNeg     + . .     Faith    +   t - +4 robe of Miok {rF+ rN+ MR- Dex+6}
rPois    .         Spirit   .   U - +1 hat
rElec    .         Reflect  .   Q - +0 cloak (curse)
rCorr    .         Harm     .   (gloves unavailable)
MR       +....                  (boots unavailable)
Stlth    ..........             C - amulet of faith
HPRegen  1.34/turn              n - +3 ring of evasion
MPRegen  0.17/turn              q - +2 ring of slaying

@: berserking, lethally poisoned (-17 -> -67), hasted, very quick
A: large, unfitting armour, claws 3, dopey 1, fast metabolism 3, gourmand, magic
resistance 1, regeneration 2, shaggy fur 1, tough skin 2
}: 1/15 runes: barnacled
a: Minor Destruction, Lesser Servant of Makhleb, Major Destruction, Greater
Servant of Makhleb, Renounce Religion


You were on level 4 of the Spider Nest.
You worshipped Makhleb.
Makhleb was extremely pleased with you.
You were not hungry.

You visited 6 branches of the dungeon, and saw 32 of its levels.
You also visited: Labyrinth and Ossuary.

You collected 2688 gold pieces.
You spent 984 gold pieces at shops.

Inventory:

Missiles
 B - 2 large rocks (quivered)
Armour
 a - a +0 robe
 t - the +4 robe of Miok (worn) {rF+ rN+ MR- Dex+6}
   (You acquired it on level 3 of the Shoals)

   It affects your dexterity (+6).
   It protects you from fire.
   It protects you from negative energy.
   It affects your resistance to hostile enchantments.
 A - the +0 robe of Hittil {rElec rPois MR+ Regen+}
   (You found it on level 10 of the Dungeon)

   It insulates you from electricity.
   It protects you from poison.
   It affects your resistance to hostile enchantments.
   It increases your rate of regeneration.
 Q - a cursed +0 cloak (worn)
 U - a +1 hat (worn)
Jewellery
 e - a +2 ring of dexterity
 f - an uncursed ring of fire
 n - a +3 ring of evasion (left claw)
 q - a +2 ring of slaying (right claw)
 y - an uncursed ring of protection from cold
 C - an amulet of faith (around neck)
Wands
 v - a wand of clouds (10)
 E - a wand of flame (141)
 G - a wand of enslavement (7)
 N - a wand of acid (10)
 O - a wand of digging (13)
Scrolls
 d - 5 scrolls of magic mapping
 j - 16 scrolls of remove curse
 k - 2 scrolls of teleportation
 p - 9 scrolls of amnesia
 s - 7 scrolls of enchant armour
 u - 3 scrolls of fog
 w - a scroll of holy word
 x - a scroll of immolation
 D - 3 scrolls of brand weapon
 F - a scroll of noise {unknown}
 K - 2 scrolls of identify
 S - 4 scrolls of enchant weapon
Potions
 c - 2 potions of might
 g - a potion of agility
 h - 7 potions of curing
 i - 8 potions of mutation
 l - 2 potions of resistance
 m - a potion of haste
 o - 2 potions of cancellation
 r - 6 potions of lignification
 z - 8 potions of brilliance
 J - a potion of ambrosia
 M - a potion of flight
Books
 T - a book of Alchemy

   Spells                             Type                      Level
   a - Sublimation of Blood           Necromancy                   2
   b - Ignite Poison                  Fire/Transmutation/Poison    3
   c - Petrify                        Transmutation/Earth          4
   d - Alistair's Intoxication        Transmutation/Poison         5
   e - Irradiate                      Conjuration/Transmutation    5
 V - Sif Muna's Volume of the Escort and Execration
   (You found it in a labyrinth)

   Spells                             Type                      Level
   a - Corona                         Hexes                        1
   b - Summon Small Mammal            Summoning                    1
   c - Summon Guardian Golem          Hexes/Summoning              3
   d - Recall                         Summoning/Translocation      3
   e - Aura of Abjuration             Summoning                    5
   f - Spellforged Servitor           Conjuration/Summoning        7
 W - a book of Minor Magic

   Spells                             Type                      Level
   a - Magic Dart                     Conjuration                  1
   b - Blink                          Translocation                2
   c - Call Imp                       Summoning                    2
   d - Slow                           Hexes                        2
   e - Conjure Flame                  Conjuration/Fire             3
   f - Mephitic Cloud                 Conjuration/Poison/Air       3
Miscellaneous
 L - a lightning rod (4/4)
 Y - a lightning rod (4/4)
 Z - a phial of floods
Comestibles
 b - 44 rations


   Skills:
 + Level 13.6 Fighting
 * Level 6.1 Throwing
 + Level 4.5 Armour
 - Level 11.3 Dodging
 - Level 1.0 Stealth
 + Level 20.7 Unarmed Combat
 + Level 7.8 Invocations


You had 15 spell levels left.
You knew the following spells:

 Your Spells              Type           Power        Failure   Level  Hunger
a - Apportation           Tloc           #.....       50%         1    ##.....


Dungeon Overview and Level Annotations

Branches:
Dungeon (15/15)            Temple (1/1) D:4            Lair (6/6) D:8
 Shoals (4/4) Lair:2       Spider (4/4) Lair:4        Slime (0/5) Lair:5
    Orc (2/2) D:10            Elf (0/3) Orc:2        Depths (0/5) D:15
 Vaults: D:13-14

Altars:
Ashenzari
Cheibriados
Dithmenos
Elyvilon
Fedhas
Gozag
Hepliaklqana
Kikubaaqudgha
Makhleb
Nemelex Xobeh
Okawaru
Qazlal
Ru
Sif Muna
Trog
Uskayaw
Vehumet
Wu Jian
Xom
Yredelemnul
Zin
The Shining One

Shops:
D:4 [   D:10 }   Orc:2 ((*!   Shoals:4 !

Annotations:
D:11 1 runed door
D:13 1 exclusion
Lair:1 exclusion: oklob plant
Lair:4 1 exclusion, Urug
Lair:6 Nessos
Shoals:3 Mara
Shoals:4 exclusion: Roxanne, Roxanne
Spider:3 exclusion: 2 ice statues


Innate Abilities, Weirdness & Mutations

You are too large for most types of armour.
You have claws for hands.
Your metabolism is lightning-fast.
You like to eat raw meat.
You heal very quickly.
You are covered in fur. (AC +1)
You have very tough skin. (AC +2)
You are dopey. (Int -2)
You are resistant to hostile enchantments. (MR+)


Message History

* * * LOW HITPOINT WARNING * * *
You are more poisoned.
The wolf spider poisons you! The redback bites you!
* * * LOW HITPOINT WARNING * * *
You are more poisoned.
The redback poisons you!
You hear an angry hiss.
The wolf spider hits you!!
* * * LOW HITPOINT WARNING * * *
The wolf spider completely misses you. The redback closely misses you.
Okay, then.
Okay, then.
Okay, then.
A red film seems to cover your vision as you go berserk!
You feel yourself moving faster!
You feel mighty!
* * * LOW HITPOINT WARNING * * *
You feel very sick. The wolf spider barely misses you.
The wolf spider completely misses you. The redback completely misses you.
The wolf spider hits you!!
You die...

####...# .. #
###.#...## ##. .^^
##.#.^....# ##.^.
....^#^.#...### ....
.^.(..s.(.....#
##..###
..^..."††.#.s###
.^...#
.≈...{###.#.yss###..^#
####$. ###.#ss#.#..###
#. ####@.....^.# #.
#<......## #
#†^...#..# ##..######
#.....# #####
##...##.^...#
###.^...^..#
#..^....###
#^^#.......


You could see a wolf spider (berserk), a moth of wrath, 2 tarantellas and 2
redbacks.

Vanquished Creatures
  A kraken (Shoals:1)
  Gastronok (Lair:3)
  Kirke (Lair:4)
  Ilsuiw (Shoals:4)
  A ghost moth (Spider:2)
  An emperor scorpion (Spider:1)
  3 entropy weavers
  8 merfolk impalers
  A minotaur (Lab)
  2 merfolk javelineers (Shoals:4)
  3 ogre magi
  Fannar (Orc:1)
  An alligator snapping turtle (Shoals:1)
  2 satyrs
  10 merfolk aquamancers
  2 centaur warriors
  5 death yaks
  7 two-headed ogres
  A queen ant (Spider:2)
  7 sea snakes
  3 unseen horrors
  A deep troll (Orc:2)
  8 orb spiders
  16 harpies
  A wolf spider zombie (D:15)
  An orc knight (Orc:1)
  10 fauns
  A deep elf mage (D:14)
  7 cyclopes
  A salamander (D:15)
  7 ugly things
  19 wolf spiders
  21 manticores
  A manticore (shapeshifter) (D:13)
  An elephant (D:8)
  4 moths of wrath
  8 merfolk sirens
  Joseph (D:9)
  4 black mambas
  7 water nymphs
  A torpor snail (Lair:5)
  2 gargoyles
  11 spiny frogs
  A rime drake (Lair:3)
  12 demonic crawlers
  5 komodo dragons
  2 freezing wraiths
  3 tengu conjurers (D:15)
  7 trolls
  20 merfolk
  3 polar bears
  7 wind drakes
  23 jumping spiders
  2 slime creatures (D:15)
  5 hornets
  Prince Ribbit (D:6)
  9 snapping turtles
  8 blink frogs
  A meliai zombie (D:9)
  10 dream sheep
  9 hippogriffs
  Sigmund (D:6)
  56 redbacks
  3 wraiths
  2 shadows
  18 tarantellas
  44 yaks
  A spriggan (D:8)
  22 water elementals
  A wyvern (D:11)
  A human (shapeshifter) (D:14)
  7 hungry ghosts
  Eustachio (D:4)
  Grum (D:11)
  A steam dragon (D:12)
  5 basilisks
  5 hogs
  5 vampire mosquitoes
  Edmund (D:6)
  Menkaure (D:6)
  14 soldier ants (Spider:2)
  2 wargs
  8 water moccasins
  4 porcupines
  4 ice beasts
  23 orc warriors
  A black bear (D:10)
  A hornet zombie (D:11)
  4 sky beasts
  28 ogres
  14 wolves
  11 centaurs
  8 crocodiles
  6 big kobolds
  3 elf zombies (Ossuary)
  19 bullfrogs
  A scorpion (D:13)
  14 wights
  27 killer bees
  9 electric eels
  7 howler monkeys
  2 bullfrog zombies
  7 crimson imps
  6 human zombies (Ossuary)
  A quasit (D:5)
  8 centaur zombies
  14 orc priests
  14 jellies
  A gnoll shaman (D:6)
  3 bullfrog skeletons
  6 hounds
  21 orc wizards
  9 centaur skeletons
  4 iguanas
  22 worker ants
  A hound skeleton (D:5)
  3 mummies (Ossuary)
  13 gnolls
  11 adders
  A howler monkey skeleton (D:5)
  5 shadow imps
  3 oozes (D:3)
  An adder zombie (D:5)
  3 worms
  A dart slug (D:2)
  A leopard gecko (D:5)
  86 orcs
  2 ball pythons
  13 bats
  8 giant cockroaches
  5 goblins
  7 hobgoblins
  22 jackals
  19 kobolds
  4 quokkas
  3 frilled lizards
  A giant cockroach zombie (D:6)
  A jackal skeleton (D:4)
  12 rats
  2 tentacles (Shoals:1)
1053 creatures vanquished.

Vanquished Creatures (collateral kills)
  Saint Roka (Orc:2)
  Arachne (Spider:2)
  Jorgrun (Spider:3)
  A dire elephant (D:15)
  Snorg (D:14)
  2 merfolk impalers
  4 hydras
  The ghost of feelmyfire the Martial Artist, a journeyman DgTm (Orc:2)
  7 two-headed ogres
  2 death yaks (Lair:3)
  Sonja (D:11)
  An unseen horror (D:14)
  2 sea snakes (Shoals:4)
  A deep troll (Orc:2)
  3 harpies
  4 orb spiders
  2 wolf spiders (Spider:2)
  3 ugly things (D:14)
  An orc sorcerer (Orc:2)
  A cyclops (D:14)
  Psyche (D:9)
  A merfolk siren (Shoals:2)
  A spiny frog (Lair:6)
  A rime drake (Lair:6)
  2 komodo dragons
  5 jumping spiders
  3 trolls (Orc:2)
  3 merfolk (Shoals:4)
  2 dream sheep
  2 redbacks
  4 yaks
  2 hogs (Lair:4)
  A hungry ghost (D:11)
  2 porcupines (Lair:1)
  A water moccasin (Lair:3)
  3 orc warriors (Orc:2)
  An eye of draining (D:14)
  5 ogres (Orc:2)
  2 centaurs (D:14)
  2 wolves
  A crocodile (Lair:6)
  A killer bee (D:11)
  A crimson imp (D:15)
  2 orc priests
  An orc wizard (Orc:2)
  An iguana (D:11)
  A worker ant (Spider:2)
  7 orcs
  A kobold (D:14)
100 creatures vanquished.

Vanquished Creatures (others)
  A wyvern zombie (D:9)
  8 fungi
  16 plants
  21 tentacles (Shoals:1)
46 creatures vanquished.

Grand Total: 1199 creatures vanquished

Notes
Turn   | Place    | Note
-------+----------+-------------------------------------------
     0 | D:1      | Gaball the Troll Monk began the quest for the Orb.
     0 | D:1      | Reached XP level 1. HP: 22/22 MP: 0/0
   176 | D:1      | Reached XP level 2. HP: 29/29 MP: 1/1
   368 | D:1      | Reached skill level 4 in Unarmed Combat
   403 | D:1      | Reached XP level 3. HP: 34/36 MP: 2/2
  1565 | D:3      | Reached XP level 4. HP: 44/44 MP: 3/3
  1598 | D:3      | Reached skill level 5 in Unarmed Combat
  2166 | D:3      | Found a sparkling altar of Nemelex Xobeh.
  2267 | D:3      | Reached XP level 5. HP: 49/50 MP: 4/4
  2342 | D:3      | Noticed a hand axe
  2343 | D:3      | Noticed a dagger
  2344 | D:3      | Found a hide-covered altar of Uskayaw.
  2470 | D:4      | Reached skill level 6 in Unarmed Combat
  2731 | D:4      | Found a sand-covered staircase.
  2736 | Ossuary  | Entered an ossuary
  2817 | Ossuary  | Reached skill level 7 in Unarmed Combat
  2817 | Ossuary  | Reached XP level 6. HP: 42/59 MP: 5/5
  2881 | Ossuary  | Reached skill level 8 in Unarmed Combat
  2881 | Ossuary  | Reached XP level 7. HP: 38/66 MP: 6/6
  3043 | D:4      | Reached skill level 9 in Unarmed Combat
  3239 | D:4      | Gained mutation: You are dopey. (Int -2) [potion of mutation]
  3239 | D:4      | Gained mutation: You are resistant to hostile enchantments. (MR+) [potion of mutation]
  3239 | D:4      | Gained mutation: You heal very quickly. [potion of mutation]
  3350 | D:4      | Identified A Beginning Course on Wizardry
  3354 | D:4      | Learned a level 1 spell: Apportation
  3465 | D:4      | Noticed Eustachio
  3513 | D:4      | Killed Eustachio
  3513 | D:4      | Reached XP level 8. HP: 74/74 MP: 7/7
  3547 | D:4      | Reached skill level 10 in Unarmed Combat
  3561 | D:4      | Found Zuikogo's Antique Armour Shop.
  3632 | D:4      | Found a staircase to the Ecumenical Temple.
  3798 | D:5      | Entered Level 5 of the Dungeon
  4015 | Temple   | Entered the Ecumenical Temple
  4175 | Temple   | Became a worshipper of Makhleb the Destroyer
  4175 | Temple   | Reached * piety under Makhleb
  4175 | Temple   | Reached ** piety under Makhleb
  4258 | D:5      | Found a radiant altar of Vehumet.
  4400 | D:5      | Found a glowing silver altar of Zin.
  4665 | D:5      | Reached skill level 11 in Unarmed Combat
  4798 | D:6      | Noticed Sigmund
  4806 | D:6      | Killed Sigmund
  4806 | D:6      | Reached XP level 9. HP: 66/84 MP: 8/8
  4840 | D:6      | Found a sacrificial altar of Ru.
  4852 | D:6      | Noticed Edmund
  4853 | D:6      | Noticed Menkaure
  4876 | D:6      | Reached *** piety under Makhleb
  5034 | D:6      | Killed Edmund
  5042 | D:6      | Killed Menkaure
  5049 | D:6      | Reached skill level 12 in Unarmed Combat
  5076 | D:6      | Noticed Prince Ribbit
  5087 | D:6      | Killed Prince Ribbit
  5087 | D:6      | Reached skill level 5 in Fighting
  5267 | D:6      | Found an ornate altar of the Wu Jian Council.
  5664 | D:7      | Reached skill level 1 in Invocations
  6184 | D:8      | Reached XP level 10. HP: 97/97 MP: 10/10
  6254 | D:8      | Reached **** piety under Makhleb
  6321 | D:8      | Noticed a two-headed ogre
  6518 | D:8      | Noticed an elephant
  6518 | D:8      | Found a staircase to the Lair.
  6535 | D:8      | Reached skill level 13 in Unarmed Combat
  6553 | D:8      | Killed an elephant
  6667 | D:8      | Killed a two-headed ogre
  6713 | D:8      | Found a shadowy altar of Dithmenos.
  7017 | D:9      | Noticed a two-headed ogre
  7039 | D:8      | Killed a two-headed ogre
  7102 | D:9      | Noticed Psyche
  7116 | D:9      | Killed Psyche
  7232 | D:9      | Noticed Joseph
  7260 | D:9      | Killed Joseph
  7260 | D:9      | Reached skill level 14 in Unarmed Combat
  7520 | D:9      | Found a sacrificial altar of Ru.
  7849 | D:10     | Entered Level 10 of the Dungeon
  7905 | D:10     | Reached XP level 11. HP: 101/109 MP: 11/11
  7983 | D:10     | Found Zujiptile's Gadget Shoppe.
  8257 | D:10     | Paralysed by fainting for 5 turns
  8424 | D:10     | Got a distressingly furry robe
  8441 | D:10     | Identified the cursed +0 robe of Hittil {rElec rPois MR+ Regen+} (You found it on level 10 of the Dungeon)
  8795 | D:10     | Reached skill level 15 in Unarmed Combat
  8848 | D:10     | Found a staircase to the Orcish Mines.
  9333 | Lair:1   | Entered Level 1 of the Lair of Beasts
  9632 | Lair:1   | Noticed a six-headed hydra
  9712 | Lair:1   | Noticed an oklob plant
 10029 | Lair:1   | Killed a six-headed hydra
 10691 | Lair:2   | Found a staircase to the Shoals.
 11203 | Lair:3   | Noticed a death yak
 11204 | Lair:3   | Noticed a death yak
 11205 | Lair:3   | Noticed a death yak
 11217 | Lair:3   | Reached XP level 12. HP: 117/122 MP: 12/12
 11401 | Lair:3   | Reached skill level 16 in Unarmed Combat
 11500 | Lair:3   | Noticed Gastronok
 11519 | Lair:3   | Noticed a death yak
 11536 | Lair:3   | Killed a death yak
 11544 | Lair:3   | Noticed a death yak
 11558 | Lair:3   | Killed a death yak
 11592 | Lair:3   | Killed a death yak
 11599 | Lair:3   | Killed a death yak
 11601 | Lair:3   | Killed a death yak
 11610 | Lair:3   | Reached skill level 5 in Dodging
 11641 | Lair:3   | Killed Gastronok
 12003 | Lair:3   | Noticed a five-headed hydra
 12010 | Lair:3   | Killed a five-headed hydra
 12422 | Lair:4   | Noticed Urug
 12487 | Lair:4   | Noticed Kirke
 12586 | Lair:4   | Found a hole to the Spider Nest.
 12643 | Lair:4   | Reached skill level 17 in Unarmed Combat
 12793 | Lair:4   | Killed Kirke
 12793 | Lair:4   | Reached XP level 13. HP: 131/131 MP: 13/13
 12868 | Lair:5   | Found a staircase to the Slime Pits.
 13490 | Lair:6   | Entered Level 6 of the Lair of Beasts
 13490 | Lair:6   | Found a labyrinth entrance.
 13811 | Lair:6   | Reached skill level 10 in Fighting
 13895 | Lab      | Entered a labyrinth
 14097 | Lab      | Noticed a minotaur
 14105 | Lab      | Killed a minotaur
 14109 | Lab      | Identified Sif Muna's Volume of the Escort and Execration
 14260 | Lair:6   | Noticed Nessos
 14895 | D:11     | Noticed Grum
 14913 | D:11     | Killed Grum
 14962 | D:11     | Reached skill level 18 in Unarmed Combat
 15352 | D:11     | Noticed Sonja
 15362 | D:11     | Killed Sonja
 15599 | D:11     | Found a glowing golden altar of the Shining One.
 15599 | D:11     | Found a runed door.
 15599 | D:11     | Noticed an angel
 16678 | D:13     | Reached XP level 14. HP: 87/144 MP: 6/14
 16729 | D:13     | Reached ***** piety under Makhleb
 17854 | D:14     | Found an iron altar of Okawaru.
 17970 | D:14     | Noticed Snorg
 18104 | D:14     | Killed Snorg
 18405 | D:15     | Entered Level 15 of the Dungeon
 18539 | D:15     | Reached skill level 19 in Unarmed Combat
 18723 | D:15     | Found a glowing golden altar of the Shining One.
 18855 | D:15     | Reached skill level 1 in Armour
 19108 | D:15     | Found a staircase to the Depths.
 19500 | Orc:1    | Entered Level 1 of the Orcish Mines
 19717 | Orc:1    | Noticed Fannar
 19760 | Orc:1    | Killed Fannar
 19907 | Orc:2    | Entered Level 2 of the Orcish Mines
 20215 | Orc:2    | Found Alatia's Distillery.
 20298 | Orc:2    | Noticed Saint Roka
 20352 | Orc:2    | Killed Saint Roka
 20352 | Orc:2    | Reached XP level 15. HP: 66/154 MP: 4/16
 20441 | Orc:2    | Noticed feelmyfire's ghost (journeyman DgTm)
 20455 | Orc:2    | Killed feelmyfire's ghost
 20543 | Orc:2    | Found Tefot's Assorted Antiques.
 20549 | Orc:2    | Found Lastitop's Weapon Boutique.
 20558 | Orc:2    | Found Jyrred's Antique Weapon Emporium.
 20617 | Orc:2    | Found a staircase to the Elven Halls.
 20819 | Orc:2    | Bought a potion of haste for 150 gold pieces
 20819 | Orc:2    | Bought a potion of mutation for 120 gold pieces
 20819 | Orc:2    | Bought a potion of heal wounds for 75 gold pieces
 20819 | Orc:2    | Bought a potion of lignification for 45 gold pieces
 21038 | Spider:1 | Entered Level 1 of the Spider Nest
 21158 | Shoals:1 | Entered Level 1 of the Shoals
 21800 | Shoals:1 | Noticed a kraken
 21853 | Shoals:1 | Killed a kraken
 21899 | Shoals:1 | Reached skill level 5 in Invocations
 22224 | Shoals:1 | You fall through a shaft!
 22462 | Shoals:1 | Reached skill level 10 in Dodging
 23751 | Shoals:2 | Identified a scroll of acquirement
 23796 | Shoals:3 | Reached XP level 16. HP: 147/167 MP: 15/19
 24019 | Shoals:3 | Noticed Mara
 24046 | Shoals:4 | Entered Level 4 of the Shoals
 24046 | Shoals:4 | Noticed Roxanne
 24383 | Shoals:4 | Noticed Ilsuiw
 24423 | Shoals:4 | HP: 1/167 [something/ball of steam (31)]
 24760 | Shoals:3 | Reached skill level 20 in Unarmed Combat
 25146 | Shoals:3 | Got an ancient robe
 25157 | Shoals:3 | Identified the +4 robe of Miok {rF+ rN+ MR- Dex+6} (You acquired it on level 3 of the Shoals)
 25181 | Shoals:3 | Noticed Gaball's illusion
 25207 | Shoals:3 | Noticed Gaball's illusion
 25223 | Shoals:3 | Noticed Gaball's illusion
 25342 | Shoals:3 | Noticed Gaball's illusion
 25425 | Shoals:3 | Noticed Gaball's illusion
 26241 | Shoals:4 | Found Ikhleffol's Distillery.
 26263 | Shoals:4 | Bought a potion of heal wounds for 90 gold pieces
 26263 | Shoals:4 | Bought a potion of mutation for 144 gold pieces
 26263 | Shoals:4 | Bought a potion of might for 72 gold pieces
 26263 | Shoals:4 | Bought a potion of haste for 180 gold pieces
 26263 | Shoals:4 | Bought a potion of curing for 54 gold pieces
 26263 | Shoals:4 | Bought a potion of curing for 54 gold pieces
 26508 | Shoals:4 | Killed Ilsuiw
 27236 | Shoals:4 | Got a barnacled rune of Zot
 27499 | Spider:1 | Reached skill level 1 in Throwing
 27892 | Spider:1 | Reached XP level 17. HP: 178/178 MP: 21/21
 28256 | Spider:2 | Noticed Arachne
 28509 | Spider:2 | HP: 7/178 [demonic crawler (5)]
 28758 | Spider:2 | Killed Arachne
 28777 | Spider:2 | Reached skill level 5 in Throwing
 29466 | Spider:3 | Found a frozen archway.
 29564 | Spider:3 | Noticed Jorgrun
 29573 | Spider:3 | Killed Jorgrun
 29979 | Spider:4 | Entered Level 4 of the Spider Nest
 30093 | Spider:4 | HP: 4/179 [wolf spider (22)]
 30094 | Spider:4 | Demolished by a wolf spider

Skill      XL: |  1  2  3  4  5  6  7  8  9 10 11 12 13 14 15 16 17 |
---------------+----------------------------------------------------+-----
Unarmed Combat | 4 5 7 8 9 11 12 14 15 17 18 19 20 | 20.7
Fighting       | 4 5 7 8 9 10 11 12 13 | 13.6
Invocations    | 2 3 6 7 |  7.8
Dodging        | 3 6 7 9 10 11 | 11.3
Armour         | 2 4 |  4.5
Throwing       | 3 6 |  6.1
Stealth        | |  1.0

Action                   |  1- 3 |  4- 6 |  7- 9 | 10-12 | 13-15 | 16-18 || total
-------------------------+-------+-------+-------+-------+-------+-------++-------
Melee: Unarmed           |   132 |   164 |   300 |   493 |  1051 |   712 ||  2852
       Punch             |     1 |     7 |    14 |    38 |   112 |   103 ||   275
Throw: Throwing net      |       |       |       |       |     1 |     6 ||     7
       Large rock        |       |       |       |       |       |     8 ||     8
Invok: Lesser Servant of |       |       |       |    38 |    77 |    44 ||   159
       Major Destruction |       |       |       |       |     2 |       ||     2
       Greater Servant o |       |       |       |       |       |     1 ||     1
Evoke: Wand              |       |       |     1 |    36 |    91 |     8 ||   136
       Lightning rod     |       |       |       |     4 |     5 |     6 ||    15
       Box of beasts     |       |       |       |       |     2 |       ||     2
       Phial of floods   |       |       |       |       |     1 |     1 ||     2
  Use: Scroll            |       |     5 |     9 |    10 |    21 |    23 ||    68
       Potion            |       |       |     2 |     5 |     6 |    34 ||    47
 Stab: Sleeping          |     6 |     2 |     5 |     5 |     6 |     1 ||    25
       Distracted        |       |       |       |     2 |     7 |     3 ||    12
       Held in net/web   |       |       |       |       |       |     1 ||     1
  Eat: Chunk             |     8 |     8 |    27 |    51 |    90 |    50 ||   234
       Ration            |     1 |     1 |     3 |     6 |     2 |     2 ||    15
Armor: Robe              |    52 |    47 |    69 |    78 |   178 |   136 ||   560
       Skin              |       |       |       |     6 |       |    27 ||    33
Dodge: Dodged            |    72 |    78 |   111 |   187 |   734 |   659 ||  1841
